 Dungeon Crawl Stone Soup version 0.27.0-1-g7a089689b8 (webtiles) character file.

Game seed: 6846197180845338400

84 Snarg the Ducker (level 4, 0/35 HPs)
             Began as a Djinni Monk on Aug 16, 2021.
             Was a Priest of Nemelex Xobeh.
             Slain by a bullfrog (5 damage)
             ... on level 3 of the Dungeon.
             The game lasted 00:10:51 (3636 turns).

Snarg the Ducker (Djinni Monk)                      Turns: 3636, Time: 00:10:51

Health: 0/35       AC:  2    Str: 11    XL:     4   Next: 72%
Gold:   117        EV: 13    Int: 12    God:    Nemelex Xobeh [***...] SH:  0 Dex: 15

rFire    + + .     SeeInvis .   a - +1 falchion
rCold    x . .     Faith    .   (no shield)
rNeg     . . .     Spirit   .   g - +0 robe
rPois    ∞         Reflect  .   (no helmet)
rElec    .         Harm     .   (no cloak)
rCorr    .         Rampage  .   (no gloves)
Will     .....                  (boots unavailable)
Stlth    ++........             (no amulet)
HPRegen  0.11/turn              (no ring)
MPRegen  0.00/turn              (no ring)

@: flying
A: sickness immunity, fire resistance 2, cold vulnerability 1, float, innate
caster, hp casting, extra vitality 1
a: Renounce Religion, Draw Escape, Draw Destruction, Draw Summoning, Triple Draw


You were on level 3 of the Dungeon.
You worshipped Nemelex Xobeh.
Nemelex Xobeh was most pleased with you.
You visited 1 branch of the dungeon, and saw 3 of its levels.

You collected 117 gold pieces.

Inventory:

Hand Weapons
 a - a +1 falchion (weapon)
 b - a +0 dagger
 l - a +0 hunting sling
Missiles
 f - 33 stones (quivered)
 h - 17 sling bullets
 j - 45 arrows
Armour
 d - a +0 leather armour
 g - a +0 robe (worn)
Scrolls
 c - 2 scrolls of teleportation
Potions
 e - a potion of invisibility {unknown}
 k - a potion of curing {unknown}


   Skills:
 + Level 3.4 Fighting
 + Level 3.2 Long Blades
 - Level 0.5 Throwing
 + Level 3.5 Dodging
 + Level 1.7 Stealth
 * Level 1.3 Spellcasting
 * Level 0.6 Invocations


You had 4 spell levels left.
You knew the following spells:

 Your Spells              Type           Power      Damage    Failure   Level
a - Corona                Hex            4%         N/A       17%         1
Your spell library was empty.

Dungeon Overview and Level Annotations

Branches:
Dungeon (3/15)

Altars:
Dithmenos
Nemelex Xobeh

Annotations:
D:1 clr
D:2 clr
D:3 Sigmund, Terence


Innate Abilities, Weirdness & Mutations

You are immune to sickness and miasma.
You are immune to poison.
Your flesh is very heat resistant. (rF++)
You are vulnerable to cold. (rC-)
You float through the air rather than walking.
You learn spells naturally, not from books.
Your magical power is your life essence.
You have superior vitality. (+4 HP)


Message History

Unknown command.
Unknown command.
Items here: ) [ ††.
The boggart gestures wildly while chanting.
The boggart is no longer moving slowly.
The boggart gestures wildly while chanting.
The boggart blinks!
The boggart casts a spell.
The boggart flickers and vanishes!
Deactivating autopickup; reactivate with Ctrl-A.
The rat bites you but does no damage.
Found a club.
Something hits you.
You closely miss something. Something hits you but does no damage.
The rat barely misses you.
You barely miss something.
You hear some strange, mumbled words.
The rat bites you but does no damage.
You miss something. Something hits you. The rat bites you. Something hits you.
The goblin misses you.
You miss something. Something hits you. The rat barely misses you.
The goblin hits you with a +0 dagger.
* * * LOW HITPOINT WARNING * * *
You draw a card...
You have drawn the Dance.
Something hits you.
* * * LOW HITPOINT WARNING * * *
The rat barely misses you. The goblin hits you with a +0 dagger.
* * * LOW HITPOINT WARNING * * *
Unknown command.
Unknown command.
You draw a card...
You have drawn Degeneration.
The rat evaporates and reforms as a dart slug!
The dart slug twists and deforms.
A bullfrog appears out of thin air!
Reactivating autopickup.
The bullfrog twists and deforms.
The goblin evaporates and reforms as a quokka!
The quokka twists and deforms.
Sigmund the Dreaded comes into view.
He is wielding a +0 scythe and wearing a +2 robe of cold resistance.
The bullfrog hits you.
You die...
Your body glows slightly and disappears.

#.##..#.......
###.###......#@.......
#.......###.......)...
#....#### #........
###....####. #.......
#........... ..#...###
..##....#### ##........
. .###...## #rF......# .
..##...# #.@.)..... .
..##...# #(w..).##. .
..##...# #......... =
..###### #....#.... .
..#############....#....
.
....†........†).........
.
..##############.#>#....
. ..# #...#... . ###
#### ..


You could see Sigmund, a bullfrog (misshapen), a dart slug (summoned, misshapen,
ally target), a quokka (summoned, misshapen) and a friendly -2 quarterstaff
"Voejoned" {vorpal, rPois rN+ Int+4 SInv} (summoned).

Vanquished Creatures
  An adder (D:3)
  A worm (D:3)
  A dart slug (D:3)
  2 orcs
  8 endoplasms
  A giant cockroach (D:2)
  6 goblins
  6 hobgoblins
  7 jackals
  4 kobolds
  A quokka (D:2)
  8 ball pythons
  7 bats
  3 frilled lizards (D:1)
  3 rats
59 creatures vanquished.

Notes
Turn   | Place    | Note
-------+----------+-------------------------------------------
     0 | D:1      | Snarg the Djinni Monk began the quest for the Orb.
     0 | D:1      | Reached XP level 1. HP: 20/20 MP: 0/0
   548 | D:1      | Reached XP level 2. HP: 18/25 MP: 0/0
  1363 | D:1      | Reached XP level 3. HP: 18/30 MP: 0/0
  1363 | D:1      | Learned a level 1 spell: Corona
  1698 | D:1      | Found a faded altar of an unknown god.
  1708 | D:1      | Became a worshipper of Nemelex Xobeh the Trickster
  1708 | D:1      | Reached * piety under Nemelex Xobeh
  1708 | D:1      | Received a gift from Nemelex Xobeh
  1708 | D:1      | Reached ** piety under Nemelex Xobeh
  1708 | D:1      | Received a gift from Nemelex Xobeh
  2381 | D:2      | Found a shadowy altar of Dithmenos.
  2578 | D:2      | Reached *** piety under Nemelex Xobeh
  2660 | D:2      | Reached XP level 4. HP: 32/35 MP: 0/0
  2702 | D:2      | Reached skill level 1 in Spellcasting
  3005 | D:3      | Noticed Terence
  3611 | D:3      | Received a gift from Nemelex Xobeh
  3613 | D:3      | Noticed a boggart
  3613 | D:3      | an orc priest changed into a boggart
  3621 | D:3      | Noticed a centaur
  3635 | D:3      | Identified the -2 quarterstaff "Voejoned" {vorpal, rPois
                  | rN+ Int+4 SInv}
  3636 | D:3      | Noticed a bullfrog
  3636 | D:3      | Noticed Sigmund
  3636 | D:3      | Slain by a bullfrog

Illustrated notes

Levels and vault maps discovered:
D:1:      dpeg_arrival_three_same_balls, layout_basic,
          hellmonk_ecumenical_altar_crossroads
D:2:      layout_loops_ring, basic_altar
D:3:      layout_rooms, gammafunk_temple_overflow_claw, portal_sewer_entry_f,
          uniq_terence, uniq_sigmund

Skill      XL: |  1  2  3  4 |
---------------+-------------+-----
Long Blades    | 3 |  3.2
Spellcasting   | 1 |  1.3
Fighting       | |  3.4
Throwing       | |  0.5
Dodging        | |  3.5
Stealth        | |  1.7
Invocations    | |  0.6

Action                   |  1- 3 |  4- 6 || total
-------------------------+-------+-------++-------
Melee: Falchion          |    88 |    47 ||   135
       Dagger            |     7 |       ||     7
Throw: Stone             |    72 |    10 ||    82
 Cast: Corona            |    11 |    11 ||    22
Invok: Draw Destruction  |     1 |     7 ||     8
       Draw Summoning    |       |     1 ||     1
  Use: Scroll            |       |     2 ||     2
 Stab: Sleeping          |     1 |       ||     1
Armor: Robe              |    19 |    10 ||    29
Dodge: Dodged            |    90 |    31 ||   121
       Rpst.: Falchion   |    22 |    12 ||    34
